 Dungeon Crawl Stone Soup version 0.24.0-123-gd5b16e6ec5 (webtiles) character file.

Game seed: 15535816437430533845, levelgen mode: deterministic

70 Goreval the Ruffian (level 4, -3/36 HPs)
             Began as a Draconian Transmuter on Jan 15, 2020.
             Slain by Grinder (6 damage)
             ... while paralysed by Grinder
             ... on level 3 of the Dungeon.
             The game lasted 00:02:38 (2308 turns).

Goreval the Ruffian (Draconian Transmuter)          Turns: 2308, Time: 00:02:38

Health: -3/36      AC:  2    Str: 12    XL:     4   Next: 3%
Magic:  1/7        EV:  5    Int: 15    God:
Gold:   99         SH:  0    Dex: 18    Spells: 1/7 levels left

rFire    . . .     SeeInvis .     - Unarmed
rCold    . . .     Gourm    .   (shield currently unavailable)
rNeg     . . .     Faith    .   (armour unavailable)
rPois    x         Spirit   .   (helmet currently unavailable)
rElec    .         Reflect  .   (cloak currently unavailable)
rCorr    .         Harm     .   (gloves currently unavailable)
MR       .....                  (boots currently unavailable)
Stlth    ++........             (no amulet)
HPRegen  0.12/turn              d - +2 ring of dexterity
MPRegen  0.10/turn              (no ring)

@: paralysed, spider-form (expiring), starving
A: tiny, unfitting armour, AC +5
a: End Transformation


You were on level 3 of the Dungeon.
You were starving.
You were a venomous arachnid creature.
You visited 1 branch of the dungeon, and saw 3 of its levels.

You collected 99 gold pieces.

Inventory:

Missiles
 a - 4 arrows
 h - 80 stones (quivered)
Jewellery
 b - an uncursed ring of ice
 d - a +2 ring of dexterity (left front leg)
Scrolls
 e - 2 scrolls of remove curse {unknown}
 f - a scroll of random uselessness {unknown}
 i - a scroll of magic mapping {unknown}
 k - a scroll of amnesia {unknown}
 l - a scroll of immolation {unknown}
Potions
 g - a potion of berserk rage {unknown}
 j - a potion of lignification {unknown}
Comestibles
 c - 7 rations


   Skills:
 + Level 2.1 Fighting
 - Level 2.0 Dodging
 * Level 3.7 Unarmed Combat
 - Level 2.0 Spellcasting
 * Level 3.1 Transmutations


You had one spell level left.
You knew the following spells:

 Your Spells              Type           Power        Failure   Level  Hunger
a - Beastly Appendage     Tmut           ##....       17%         1    #......
b - Spider Form           Tmut/Pois      #.........   56%         3    ###....
z - Sticks to Snakes      Tmut           ##......     24%         2    ###....

Your spell library contained the following spells:

 Spells                   Type           Power        Failure   Level  Hunger
 Ice Form                 Ice/Tmut       #.......     89%         4    #####..
 Blade Hands              Tmut           ##........   95%         5    ######.


Dungeon Overview and Level Annotations

Branches:
Dungeon (3/15)

Altars:
Xom

Annotations:
D:3 Grinder


Innate Abilities, Weirdness & Mutations

((Your plain brown scales are hard. (AC +5)))
You cannot fit into any form of body armour.
((You are cold-blooded and may be slowed by cold attacks.))


Message History

Press < or > to pray at altars.
You hit Grinder but do no damage. Grinder gestures at you.
You suddenly lose the ability to move!
Your adder bites Grinder but does no damage.
Grinder hits you.
You writhe in agony.
Your adder closely misses Grinder. x2
Grinder hits you.
You writhe in agony.
Your adder barely misses Grinder.
Grinder gestures at you.
You shrug off the repeated paralysis!
Your adder barely misses Grinder.
Grinder hits you!
* * * LOW HITPOINT WARNING * * *
You writhe in agony.
* * * LOW HITPOINT WARNING * * *
Your adder barely misses Grinder.
Your adder closely misses Grinder.
Grinder hits you.
* * * LOW HITPOINT WARNING * * *
You writhe in agony.
* * * LOW HITPOINT WARNING * * *
Your adder bites Grinder.
Grinder hits you.
You die...

#.....(... .>.
##........## #...
#..........##....
#..........#...# ###
....................
.......>...# ......
...........###......
.........#5#S.......
..........sS.#..###.
.........#.##......
...........##....###
.#.........#..#.##
..........#..#.#
#..............#######
............#..<##...##
..........#...........##
..........#............#


You could see Grinder, a friendly adder and a friendly ball python.

Vanquished Creatures
  4 adders (D:2)
  A worm (D:2)
  A dart slug (D:1)
  6 bats
  A giant cockroach (D:2)
  3 goblins (D:1)
  5 hobgoblins
  4 frilled lizards
  4 kobolds
  3 rats
32 creatures vanquished.

Vanquished Creatures (collateral kills)
  A goblin (D:2)
1 creature vanquished.

Grand Total: 33 creatures vanquished

Notes
Turn   | Place    | Note
-------+----------+-------------------------------------------
     0 | D:1      | Goreval the Draconian Transmuter began the quest for the
                  | Orb.
     0 | D:1      | Reached XP level 1. HP: 16/16 MP: 3/3
   232 | D:1      | Reached XP level 2. HP: 19/23 MP: 5/5
   236 | D:1      | Learned a level 2 spell: Sticks to Snakes
   978 | D:2      | Reached XP level 3. HP: 29/29 MP: 1/6
  1023 | D:2      | Learned a level 3 spell: Spider Form
  2022 | D:2      | Reached XP level 4. HP: 18/36 MP: 2/7
  2279 | D:3      | Found a shimmering altar of Xom.
  2288 | D:3      | Noticed Grinder
  2302 | D:3      | Paralysed by Grinder for 6 turns
  2308 | D:3      | Slain by Grinder

Levels and vault maps discovered:
D:1:      evilmike_arrival_hilbert_curve, layout_rooms
D:2:      layout_loops_ring, first_ration, roderic_malta_cross,
          minmay_increasing_density
D:3:      layout_rooms, lemuel_crystal_altar, hex_medium, uniq_jessica,
          uniq_grinder

Skill      XL: |  1  2  3 |
---------------+----------+-----
Dodging        | 2 |  2.0
Fighting       | 2 |  2.1
Transmutations | 3 |  3.1
Unarmed Combat | |  3.7
Spellcasting   | |  2.0

Action                   |  1- 3 |  4- 6 || total
-------------------------+-------+-------++-------
Melee: Unarmed           |   104 |     4 ||   108
       Tailslap          |     6 |       ||     6
       Punch             |     3 |       ||     3
       Headbutt          |     3 |       ||     3
       Kick              |     2 |       ||     2
Throw: Stone             |    15 |       ||    15
 Cast: Sticks to Snakes  |     5 |     3 ||     8
       Beastly Appendage |     3 |     1 ||     4
       Spider Form       |       |     1 ||     1
 Stab: Sleeping          |     1 |       ||     1
  Eat: Chunk             |     3 |       ||     3
Armor: Skin              |    48 |     2 ||    50
Dodge: Dodged            |    75 |     4 ||    79
